 Dungeon Crawl Stone Soup version 0.30-a0-118-ga018f8e90f (webtiles) character file.

Game seed: 13466543848867496713

187 MisterAzrael the Insei (level 5, -1/33 HPs)
             Began as an Octopode Transmuter on Sept 13, 2022.
             Slain by an orc wizard
             ... wielding a +0 dagger
              (4 damage)
             ... on level 3 of the Dungeon.
             The game lasted 00:04:55 (3390 turns).

MisterAzrael the Insei (Octopode Transmuter)        Turns: 3390, Time: 00:04:56

Health: -1/33      AC:  1    Str: 12    XL:     5   Next: 66%
Magic:  8/8        EV: 13    Int: 15    God:
Gold:   158        SH:  0    Dex: 12    Spells: 3/8 levels left

rFire   . . .      SeeInvis .      - Unarmed
rCold   . . .      Faith    .    (no shield)
rNeg    . . .      Spirit   .    (helmet currently unavailable)
rPois   .          Reflect  .    (no amulet)
rElec   .          Harm     .    (no ring)
rCorr   .          Rampage  .    (no ring)
Will    .....                    (no ring)
Stlth   ++........               (no ring)
HPRegen 0.11/turn                (no ring)
MPRegen 0.11/turn                (no ring)
                                 (no ring)
                                 (no ring)

@: confused, appendages (expiring)
A: tentacle spike 3, almost no armour, amphibious, 8 rings, camouflage 1,
gelatinous body 1, (nimble swimmer 1), tentacles
a: End Transformation


You were on level 3 of the Dungeon.
One of your tentacles had grown a beastly spike.
You visited 1 branch of the dungeon, and saw 3 of its levels.

You collected 158 gold pieces.

Inventory:

Scrolls
 b - 3 scrolls of blinking {unknown}
 c - a scroll of enchant weapon {unknown}
 e - 3 scrolls of teleportation
 j - a scroll of identify {unknown}
 k - 2 scrolls of immolation {unknown}
 l - a scroll of enchant armour {unknown}
 m - 2 scrolls of butterflies {unknown}
 p - a scroll of amnesia {unknown}
 q - a scroll of poison {unknown}
Potions
 a - a potion of lignification
 d - a potion of attraction {unknown}
 f - 3 potions of mutation {unknown}
 g - a potion of ambrosia {unknown}
 h - 2 potions of might {unknown}
 i - 2 potions of curing {unknown}
 n - 2 potions of flight {unknown}
 o - a potion of berserk rage {unknown}


   Skills:
 - Level 1.0 Fighting
 - Level 2.0 Dodging
 + Level 4.9 Unarmed Combat
 - Level 2.0 Spellcasting
 + Level 3.5 Transmutations
 * Level 1.8 Ice Magic


You had 3 spell levels left.
You knew the following spells:

 Your Spells              Type           Power      Damage    Failure   Level
a - Beastly Appendage     Tmut           24%        N/A       5%          1
b - Ice Form              Ice/Tmut       9%         N/A       58%         4

Your spell library contained the following spells:

 Spells                   Type           Power      Damage    Failure   Level
 Wereblood                Tmut           12%        N/A       8%          2
 Spider Form              Tmut/Pois      6%         N/A       32%         3
 Ignite Poison            Fire/Tmut/Pois 5%         N/A       38%         3
 Sticky Flame             Conj/Fire      1%         2d3       91%         4
 Summon Forest            Summ/Tloc      0%         N/A       99%         5
 Summon Mana Viper        Hex/Summ       1%         N/A       99%         5
 Summon Cactus Giant      Summ           0%         N/A       100%        6


Dungeon Overview and Level Annotations

Branches:
Dungeon (3/15)

Altars:


Innate Abilities, Weirdness & Mutations

One of your tentacles has grown a beastly spike.
You cannot wear most types of armour.
You are amphibious.
You can wear up to eight rings at the same time.
Your skin changes colour to match your surroundings (Stealth+).
Your rubbery body absorbs attacks. (AC +1, EV +1)
((You are camouflaged when in or above water. (Stealth+)))
You have tentacles for arms and can constrict up to eight enemies at once.


Message History

The orc wizard hits you with a +0 dagger.
You closely miss the orc wizard. You grab the orc wizard.
The orc wizard is heavily wounded.
You constrict the orc wizard.
The orc wizard gestures at you while chanting.
You are confused.
You release your grip on the orc wizard.
You tentacle-slap the orc wizard.
Your tentacle spike misses the orc wizard.
Your tentacle-slap misses the orc wizard.
The orc wizard is almost dead.
The orc wizard gestures at you while chanting.
The puff of flame hits you!
* * * LOW HITPOINT WARNING * * *
You bump into the rock wall.
The orc wizard gestures at you while chanting.
You are more confused.
You bump into the rock wall.
The orc wizard barely misses you.
You bump into the rock wall.
Your transformation is almost over.
The orc wizard casts a spell at you. You resist with some effort.
You miss the orc wizard.
The orc wizard is almost dead.
The orc wizard barely misses you.
You're too confused to move!
The orc wizard casts a spell at you. The magic dart hits you.
* * * LOW HITPOINT WARNING * * *
You bump into the rock wall.
The orc wizard gestures at you while chanting.
You resist with some effort.
Okay, then.
You bump into the rock wall.
The orc wizard misses you.
You bump into the rock wall.
The orc wizard points at you and mumbles some strange words.
You resist with some effort.
You bump into the rock wall.
The orc wizard hits you with a +0 dagger.
You die...

#.#..#)###....##
...#...##......##
#..#.#..........#
#..#...#........#
...#...#........###
##.....#(.........#
#.....##......##.#
#..#.####....##..#
#..... #######@##
..... #o# #)# #)#
...........#
...............
...............
...............
...............


You could see an orc wizard.

Vanquished Creatures
  An orc priest (D:3)
  An orc wizard (D:3)
  4 adders
  2 dart slugs
  12 orcs (D:3)
  5 ball pythons
  6 endoplasms
  10 giant cockroaches
  6 goblins
  9 hobgoblins
  A jackal (D:2)
  A quokka (D:2)
  4 bats
  5 frilled lizards
  5 kobolds
  4 rats
76 creatures vanquished.

Notes
Turn   | Place    | Note
-------+----------+-------------------------------------------
     0 | D:1      | MisterAzrael the Octopode Transmuter began the quest for
                  | the Orb.
     0 | D:1      | Reached XP level 1. HP: 13/13 MP: 3/3
   562 | D:1      | Reached XP level 2. HP: 15/18 MP: 3/5
  1169 | D:1      | Reached skill level 4 in Unarmed Combat
  1198 | D:1      | Reached XP level 3. HP: 23/23 MP: 4/6
  1694 | D:2      | Reached XP level 4. HP: 22/28 MP: 5/7
  2040 | D:2      | Found a faded altar of an unknown god.
  2721 | D:3      | Learned a level 4 spell: Ice Form
  3038 | D:3      | Reached skill level 1 in Ice Magic
  3038 | D:3      | Reached XP level 5. HP: 19/33 MP: 6/8
  3390 | D:3      | Slain by an orc wizard

Illustrated notes

Levels and vault maps discovered:
D:1:      lemuel_arrival_room, layout_basic, st_stairs_13
D:2:      kb_forest_paths, layout_basic, hellmonk_ecumenical_altar_lost_god,
          minmay_hexomino_p4
D:3:      minmay_roachtagon, layout_basic

Skill      XL: |  1  2  3  4 |
---------------+-------------+-----
Unarmed Combat | 4 |  4.9
Transmutations | 3 |  3.5
Ice Magic      | 1 |  1.8
Fighting       | |  1.0
Dodging        | |  2.0
Spellcasting   | |  2.0

Action                   |  1- 3 |  4- 6 || total
-------------------------+-------+-------++-------
Melee: Unarmed           |    66 |   102 ||   168
       Kick              |    18 |    23 ||    41
       Constrict         |    15 |    27 ||    42
       Tentacles         |    11 |    19 ||    30
       Punch             |     1 |     4 ||     5
 Cast: Beastly Appendage |    20 |    18 ||    38
  Use: Potion            |       |     5 ||     5
       Scroll            |       |     2 ||     2
 Stab: Sleeping          |     3 |     2 ||     5
Armor: Skin              |     3 |    19 ||    22
Dodge: Dodged            |    50 |    57 ||   107

Table legend: (Time is in decaauts)
 A = Elapsed time spent in this place.
 B = Non-inter-level travel time spent in this place.
 C = Inter-level travel time spent in this place.
 D = Time resting spent in this place.
 E = Time spent auto-exploring this place.
 F = Levels seen in this place.
 G = Mean time per level.
                   A        B        C        D        E       F      G
               +--------+--------+--------+--------+--------+-----+--------+
         Total |   3374 |   3344 |     30 |    850 |   2023 |   3 | 1124.7 |
       Dungeon |   3374 |   3344 |     30 |    850 |   2023 |   3 | 1124.7 |
               +--------+--------+--------+--------+--------+-----+--------+

Top non-repeatable levels by time:
     D:1: 1379 daAuts
     D:2: 1209 daAuts
     D:3: 786 daAuts
